Map: Orbital Shipyard

Players

Serral - Winner!

  • Race: Zerg Zerg
  • League: Grandmaster

ShoWTimE

  • Race: Protoss Protoss
  • League: Grandmaster

Event: 2016 WCS Winter Challenger Europe

VOD

Have the link to the VOD?

Description

Time

  • Played on: Feb. 13, 2016, 10:36 a.m.
  • Length: 7:03

All games in this series

Show
View Real Time Build Order
Export as new Build Order

Serral Zerg - Winner!

Build Orders: Hatch First 

Get SALT Encoding   

  12  0:03  Drone  
  13  0:13  Overlord  
  13  0:18  Drone  
  14  0:31  Drone x2  
  14  0:35  Drone  
  17  0:52  Hatchery  
  17  0:56  Drone  
  17  0:58  Drone  
  17  1:02  Extractor  
  17  1:15  Spawning Pool  
  17  1:17  Drone  
  17  1:20  Drone  
  18  1:30  Drone  
  19  1:42  Overlord  
  19  2:03  Metabolic Boost, Zergling x2, Queen  
  19  2:04  Zergling x2, Queen  
  19  2:07  Drone  
  26  2:12  Drone  
  26  2:15  Drone  
  28  2:23  Drone  
  28  2:26  Drone  
  30  2:34  Zergling x2  
  31  2:37  Overlord  
  31  2:40  Queen  
  33  2:44  Zergling x2  
  34  2:56  Spore Crawler  
  33  3:00  Drone x2  
  33  3:01  Drone  
  36  3:10  Drone x2  
  37  3:15  Drone  
  37  3:16  Hatchery  
  35  3:20  Drone  
  35  3:25  Drone  
  35  3:26  Drone  
  38  3:30  Drone x2  
  40  3:34  Overlord  
  40  3:37  Drone  
  40  3:38  Drone  
  40  3:41  Drone  
  43  3:47  Drone  
  44  3:52  Overlord  
  44  3:54  Drone x4  
  48  3:58  Drone  
  49  4:04  Drone, Roach Warren, Extractor x2  
  49  4:06  Drone  
  48  4:13  Overlord  
  48  4:16  Drone  
  49  4:22  Lair  
  49  4:23  Drone x2  
  49  4:24  Drone  
  52  4:27  Overlord  
  52  4:28  Queen  
  54  4:33  Evolution Chamber  
  54  4:38  Zergling x6  
  56  4:40  Drone x2  
  56  4:43  Overlord  
  58  4:45  Drone  
  58  4:47  Drone  
  58  4:50  Drone  
  58  4:51  Drone  
  62  4:53  Drone x2  
  62  4:55  Extractor  
  62  4:58  Overlord  
  62  4:59  Drone x2  
  65  5:01  Drone  
  65  5:05  Drone  
  67  5:13  Roach x3  
  67  5:14  Roach  
  74  5:18  Roach  
  76  5:21  Roach  
  76  5:22  Roach  
  76  5:24  Glial Reconstitution  
  76  5:25  Drone  
  76  5:26  Drone x2  
  76  5:27  Drone  
  84  5:30  Overlord  
  84  5:34  Drone x3  
  87  5:38  Overlord, Extractor  
  87  5:39  Extractor  
  87  5:40  Overlord  
  85  5:43  Overlord  
  85  5:44  Overlord  
  86  5:50  Zergling x6, Ravager  
  86  5:54  Spine Crawler, Ravager  
  86  5:55  Spore Crawler  
  86  5:56  Ravager  
  86  5:57  Ravager  
  91  5:58  Ravager  
  91  6:01  Zergling x10  
  98  6:11  Roach x6  
  108  6:12  Ravager  
  108  6:13  Zergling x4  
  111  6:20  Roach  
  106  6:27  Roach x2  
  105  6:34  Roach x5  
  105  6:36  Zergling x4  
  114  6:44  Roach x4  
Show
View Real Time Build Order
Export as new Build Order

ShoWTimE Protoss 

Build Orders:  

Get SALT Encoding   

  12  0:11  Pylon  
  12  0:13  Probe (Chrono Boost)  
  13  0:23  Probe (Chrono Boost)  
  14  0:31  Gateway  
  14  0:35  Probe (Chrono Boost)  
  15  0:42  Assimilator  
  15  0:46  Probe (Chrono Boost)  
  16  0:56  Probe (Chrono Boost)  
  17  1:01  Gateway  
  17  1:07  Probe (Chrono Boost)  
  18  1:17  Probe (Chrono Boost)  
  18  1:18  Cybernetics Core  
  19  1:45  Nexus  
  19  1:58  Adept x2 (Chrono Boost)  
  23  2:05  Pylon  
  23  2:09  Warp Gate  
  23  2:15  Assimilator  
  23  2:23  Probe (Chrono Boost)  
  23  2:25  Stalker (Chrono Boost)  
  26  2:34  Probe (Chrono Boost)  
  27  2:44  Probe (Chrono Boost)  
  28  2:55  Probe (Chrono Boost)  
  29  3:01  Probe (Chrono Boost)  
  29  3:02  Robotics Facility  
  31  3:05  Probe (Chrono Boost)  
  31  3:13  Probe (Chrono Boost)  
  31  3:16  Probe (Chrono Boost)  
  31  3:24  Probe (Chrono Boost)  
  31  3:27  Probe (Chrono Boost)  
  31  3:28  Adept (Chrono Boost)  
  31  3:30  Sentry (Chrono Boost)  
  35  3:34  Probe (Chrono Boost)  
  35  3:37  Probe  
  35  3:39  Pylon  
  37  3:46  Probe  
  37  3:47  Immortal (Chrono Boost)  
  38  3:52  Probe  
  43  3:58  Probe (Chrono Boost)  
  44  4:05  Probe (Chrono Boost)  
  45  4:12  Probe (Chrono Boost)  
  47  4:18  Gateway  
  47  4:19  Immortal  
  47  4:23  Gateway  
  47  4:30  Gateway  
  50  4:35  Gateway  
  50  4:39  Pylon  
  50  4:41  Gateway  
  50  4:44  Probe (Chrono Boost)  
  52  4:46  Probe (Chrono Boost), Sentry  
  52  4:48  Pylon  
  54  4:53  Pylon  
  54  4:56  Warp Prism  
  54  4:57  Mothership Core (Chrono Boost)  
  58  5:15  Pylon, Adept x2  
  58  5:20  Adept x2  
  66  5:30  Pylon  
  66  5:35  Observer  
  67  5:48  Pylon  
  67  5:51  Adept x6  
  67  5:52  Adept  
  81  5:59  Pylon  
  81  6:17  Stalker x3  
  81  6:18  Adept, Zealot x2  
  87  6:19  Zealot  
  79  6:42  Adept x2  
  79  6:43  Adept x5  
Tags
 
Add a new tag
Caveats
  • Supply blocks, unpowered buildings, or Contaminate may cause inaccurate times.
  • Supply counts are checked every 10 seconds.